 Dungeon Crawl Stone Soup version 0.31-a0-875-g02e7d12df6 (webtiles) character file.

Game seed: 12740935535446449688

7653 lonewolfV2 the Basher (level 11, -4/86 HPs)
             Began as a Formicid Fighter on Oct 12, 2023.
             Was an Initiate of Gozag.
             Slain by a freezing wraith (6 damage)
             ... on level 10 of the Dungeon.
             The game lasted 00:16:31 (12602 turns).

lonewolfV2 the Basher (Formicid Fighter)           Turns: 12602, Time: 00:16:32

Health: -4/86      AC: 10    Str: 22    XL:     11   Next: 41%
Magic:  11/11      EV: 15    Int:  9    God:    Gozag
Gold:   1709       SH:  8    Dex: 21    Spells: 10/10 levels left

rFire   . . .        m - +1 hammer of Wondrous Power {venom, Fly SInv}
rCold   . . .        c - +1 buckler
rNeg    . . .        n - +3 leather armour "Xuvaylo" {Will+}
rPois   .            (helmet unavailable)
rElec   .            (no cloak)
rCorr   .            (no gloves)
SInv    +            (no boots)
Will    ++...        y - amulet of magic regeneration
Stlth   +++          p - +4 ring of protection
HPRegen 0.34/turn    w - +6 ring of dexterity
MPRegen 0.52/turn

%: no passive effects
@: flying
A: permanent stasis, dig shafts and tunnels, antennae 3, four strong arms
a: Dig, Shaft Self, Renounce Religion, Potion Petition, Call Merchant, Bribe
Branch


You were on level 10 of the Dungeon.
You worshipped Gozag.
Gozag was most pleased with you.
You visited 1 branch of the dungeon, and saw 11 of its levels.
You also visited: Sewer.

You collected 1749 gold pieces.
You paid 40 gold pieces to Gozag.

Inventory:

Hand Weapons
 a - a +1 war axe
 m - the +1 hammer of Wondrous Power (weapon) {venom, Fly SInv}
   (You found it on level 3 of the Dungeon)

   SInv:      It lets you see invisible.
   Fly:       It grants you flight.
Missiles
 j - 3 throwing nets
Armour
 b - a +0 scale mail
 c - a +1 buckler (worn)
 n - the +3 leather armour "Xuvaylo" (worn) {Will+}
   (You found it on level 5 of the Dungeon)

   Will+:     It increases your willpower.
Jewellery
 e - a +5 ring of evasion
 l - a ring of resist corrosion
 p - a +4 ring of protection (left hand)
 v - a ring of wizardry
 w - a +6 ring of dexterity (right hand)
 y - an amulet of magic regeneration (around neck)
Wands
 h - a wand of polymorph (17)
 q - a wand of roots (2)
 u - a wand of paralysis (10)
 B - a wand of quicksilver (12)
 C - a wand of flame (32)
Scrolls
 i - 2 scrolls of poison
 k - a scroll of identify
 r - 2 scrolls of enchant weapon
 s - 5 scrolls of immolation
 t - a scroll of revelation
 x - a scroll of fear {unknown}
 D - a scroll of summoning {unknown}
Potions
 d - 3 potions of might
 f - a potion of mutation
 g - a potion of resistance {unknown}
 o - 2 potions of enlightenment
 z - 3 potions of attraction
 A - a potion of brilliance {unknown}


   Skills:
 + Level 8.3 Fighting
 + Level 5.2(8.0) Axes
 + Level 9.5(10.1) Maces & Flails
 + Level 6.2 Armour
 + Level 5.8 Dodging
 + Level 5.5 Stealth
 + Level 9.2 Shields
 + Level 0.7 Unarmed Combat


You had 10 spell levels left.
You didn't know any spells.
Your spell library contained the following spells:

 Spells                   Type           Power      Damage    Failure   Level
 Magic Dart               Conj           0%         1d3       47%         1
 Sting                    Tmut/Pois      0%         1d3       47%         1
 Call Imp                 Summ           0%         N/A       63%         2
 Poisonous Vapours        Pois/Air       0%         N/A       63%         2
 Searing Ray              Conj           0%         2d4       63%         2
 Wereblood                Tmut           0%         N/A       63%         2
 Mephitic Cloud           Conj/Pois/Air  0%         N/A       85%         3
 Tukima's Dance           Hex            0%         N/A       85%         3
 Fulminant Prism          Conj/Hex       0%         3d5       99%         4
 Olgreb's Toxic Radiance  Pois           0%         N/A       99%         4
 Passage of Golubria      Tloc           0%         N/A       99%         4
 Irradiate                Conj/Tmut      0%         3d11      100%        5
 Yara's Violent Unravell  Hex/Tmut       0%         3d3       100%        5


Dungeon Overview and Level Annotations

Branches:
Dungeon (11/15)            Temple (0/1) D:5            Lair (0/5) D:8
  Sewer (visited)
    Orc: D:9-12

Altars:
Dithmenos
Gozag
Hepliaklqana
Trog
Zin

Shops:
D:4 :

Annotations:
D:6 3 runed translucent doors, laschroeter's ghost, novice HuFi


Innate Abilities, Weirdness & Mutations

You cannot be hasted, slowed, berserked, paralysed or teleported.
You can dig through walls and to a lower floor.
You have a pair of large antennae on your head. (SInv)
Your four strong arms can wield two-handed weapons with a shield.


Message History

The manticore completely misses you.
Unknown command.
You hit the manticore but do no damage.
The manticore looks as sick as possible!
The manticore is heavily wounded.
You block the manticore's attack. The manticore misses you.
The manticore claws you!
You sock the manticore!
The manticore looks as sick as possible!
The manticore is severely wounded.
You block the manticore's attack. The manticore barely misses you.
The manticore completely misses you.
You hit the manticore.
The manticore looks as sick as possible!
The manticore is almost dead.
The manticore bites you! The manticore claws you. x2
Unknown command.
You sock the manticore!
You kill the manticore!
The freezing wraith is distracted by your dazzling golden aura.
Things that are here:
15 gold pieces; a scroll of vulnerability You barely miss the freezing wraith.
The freezing wraith is no longer distracted by gold.
The freezing wraith hits you. The freezing wraith freezes you!!
The freezing wraith hits you but does no damage.
You block the skeletal warrior's attack.
You hit the freezing wraith but do no damage.
The freezing wraith hits you but does no damage.
The freezing wraith closely misses you.
You block the skeletal warrior's attack.
You hit the freezing wraith.
The freezing wraith is lightly damaged.
The freezing wraith hits you!
* * * LOW HITPOINT WARNING * * *
The freezing wraith freezes you!!
* * * LOW HITPOINT WARNING * * *
The freezing wraith hits you.
You die...
Your body crumbles into a pile of gold.

#..## #.....# #.8#$#
#.....######
##'##?##+##....#.>...
#...'.#..8#....#.....
#8..#.#[..'..........
#'##$##'##....#.....
#.8#)#8.#.....#####.
#.z###..#.....# ##..
#W@$..##.....###..#
########........>).
#........###
#.......####
##########.......##..
#.......<........#..#
#..<..........<...)##
#.................##
#####.####...####).##


You could see a skeletal warrior and a freezing wraith.

Vanquished Creatures
  Pikel (D:8)
  2 manticores
  Psyche (D:9)
  Jeremiah (D:6)
  An unseen horror zombie (D:9)
  A troll (D:10)
  Prince Ribbit (D:7)
  Sigmund (D:2)
  A wyvern (D:8)
  A yak (D:8)
  2 water moccasins
  Duvessa (D:7)
  5 sky beasts
  2 orc warriors
  An ice beast (D:7)
  4 black bears
  3 ogres
  3 centaurs
  4 phantoms
  6 kobold brigands
  5 bullfrogs
  A scorpion (D:6)
  A gnoll sergeant (D:10)
  Dowan (D:7)
  2 howler monkeys (D:8)
  3 hounds (D:5)
  Crazy Yiuf (D:3)
  2 jellies (D:4)
  4 iguanas
  5 orc priests
  A gnoll bouda (D:8)
  2 sleepcaps
  13 orc wizards
  A howler monkey zombie (D:9)
  4 gnolls (D:8)
  13 adders
  A shadow imp (D:8)
  4 white imps
  3 worms
  2 dart slugs
  40 orcs
  17 endoplasms
  15 giant cockroaches
  10 hobgoblins
  3 jackals (D:2)
  5 quokkas
  16 ball pythons
  4 bats
  6 frilled lizards
  16 goblins
  41 kobolds
  5 rats
289 creatures vanquished.

Vanquished Creatures (others)
  An unseen horror (D:10)
  A troll (D:9)
  An orc (D:9)
3 creatures vanquished.

Grand Total: 292 creatures vanquished

Notes
Turn   | Place    | Note
-------+----------+-------------------------------------------
     0 | D:1      | lonewolfV2 the Formicid Fighter began the quest for the
                  | Orb.
     0 | D:1      | Reached XP level 1. HP: 18/18 MP: 1/1
   309 | D:1      | Reached XP level 2. HP: 18/24 MP: 2/2
   737 | D:2      | Reached XP level 3. HP: 29/29 MP: 3/3
   854 | D:2      | Noticed Sigmund
   883 | D:2      | Killed Sigmund
   884 | D:2      | Reached XP level 4. HP: 17/37 MP: 4/4
   884 | D:2      | Reached XP level 5. HP: 20/42 MP: 5/5
   884 | D:2      | Reached XP level 6. HP: 22/48 MP: 6/6
  1213 | D:2      | Reached skill level 1 in Dodging
  1700 | D:2      | Found a faded altar of an unknown god.
  2428 | D:3      | Found a hazy altar of Hepliaklqana.
  2533 | D:3      | Reached skill level 5 in Shields
  2783 | D:3      | Reached XP level 7. HP: 55/55 MP: 7/7
  2943 | D:3      | Found a runed translucent door.
  2944 | D:3      | Noticed Crazy Yiuf
  3625 | D:3      | Found an opulent altar of Gozag.
  3634 | D:3      | Became a worshipper of Gozag Ym Sagoz the Greedy
  3690 | D:3      | Found a shadowy altar of Dithmenos.
  3824 | D:3      | Killed Crazy Yiuf
  3897 | D:3      | Identified the +1 hammer of Wondrous Power {venom, Fly
                  | SInv}
  4166 | D:4      | Reached skill level 5 in Axes
  4282 | D:4      | Reached skill level 1 in Stealth
  4433 | D:4      | Found Akaypuuh's Book Shoppe.
  4476 | D:4      | Reached skill level 5 in Armour
  4481 | D:4      | Reached skill level 1 in Maces & Flails
  5126 | D:4      | Reached skill level 5 in Fighting
  5393 | D:4      | Found a glowing silver altar of Zin.
  5520 | D:5      | Entered Level 5 of the Dungeon
  5530 | D:5      | Reached XP level 8. HP: 62/62 MP: 8/8
  5532 | D:5      | Identified the +3 leather armour "Xuvaylo" {Will+}
  5702 | D:5      | Found a glowing drain.
  5714 | Sewer    | Entered a sewer
  6635 | D:5      | Found a staircase to the Ecumenical Temple.
  6762 | D:6      | Found a runed translucent gate.
  6762 | D:6      | Noticed laschroeter's ghost (novice HuFi)
  6762 | D:6      | Noticed a kobold demonologist
  6763 | D:6      | Found a runed translucent gate.
  6763 | D:6      | Found a runed translucent gate.
  6860 | D:6      | Reached XP level 9. HP: 42/69 MP: 9/9
  7178 | D:6      | Noticed Jeremiah
  7202 | D:6      | Killed Jeremiah
  7203 | D:6      | Reached skill level 5 in Maces & Flails
  7319 | D:6      | Identified the +1 robe of Divine Compulsion {-Cast rElec
                  | Regen+ rCorr Str+3}
  7950 | D:7      | Noticed Prince Ribbit
  7972 | D:7      | Killed Prince Ribbit
  8102 | D:7      | Reached XP level 10. HP: 64/77 MP: 10/10
  8149 | D:7      | Found a bloodstained altar of Trog.
  8430 | D:7      | Noticed Dowan
  8434 | D:7      | Noticed Duvessa
  8442 | D:7      | Killed Duvessa
  8448 | D:7      | Killed Dowan
  9055 | D:8      | Found a staircase to the Lair.
  9352 | D:8      | Noticed Pikel
  9368 | D:8      | Killed Pikel
  9793 | D:8      | Noticed a manticore
  9813 | D:8      | Killed a manticore
 10777 | D:9      | Reached skill level 5 in Stealth
 10786 | D:9      | Reached XP level 11. HP: 85/85 MP: 11/11
 10795 | D:9      | Noticed Psyche
 10814 | D:9      | Killed Psyche
 10815 | D:9      | Reached skill level 5 in Dodging
 10817 | D:9      | You are sucked into a shaft and drop 1 floor!
 10817 | D:10     | Entered Level 10 of the Dungeon
 11255 | D:10     | Noticed a skeletal warrior
 11256 | D:10     | Noticed a manticore
 11350 | D:9      | You are sucked into a shaft and drop 2 floors!
 11350 | D:9      | HP: 1/86 [barbs]
 12598 | D:10     | Killed a manticore
 12602 | D:10     | HP: 2/86 [freezing wraith (23)]
 12602 | D:10     | Slain by a freezing wraith

Illustrated notes

Levels and vault maps discovered:
D:1:      orjb1_clovarrival, layout_basic
D:2:      minmay_razor_zed, layout_basic, chequers_ecumenical_altar_grove,
          minivault_23, minivault_11, uniq_sigmund
D:3:      cheibrodos_thug_alley, layout_loops_ring,
          nicolae_hepliaklqana_hippocampus, mainiacjoe_overflow_two_lobes,
          minmay_puff, uniq_crazy_yiuf_cottage
D:4:      cheibrodos_fertilizer, layout_basic, kennysheep_little_box,
          serial_shops, shop, amcnicky_mini_corridor_feature
D:5:      layout_rooms, temple_green, portal_sewer_entry_f
D:6:      layout_loops_ring, gammafunk_ghost_nasty_kobolds, uniq_jeremiah
D:7:      layout_cave_pods, trog_hazing_becter, uniq_prince_ribbit1,
          uniq_duvessa
D:8:      layout_loops_ring, david_lair_generic, uniq_pikel
D:9:      layout_cross, mainiacjoe_overflow_surrounded_room,
          mainiacjoe_overflow_concentric_impassable, serial_undead,
          serial_undead_a, serial_undead_f, serial_undead_c, serial_undead_f,
          gammafunk_ghost_stat_death, uniq_maurice, uniq_psyche
D:10:     minmay_chambers_of_sixes, layout_rooms
D:11:     layout_roguey, st_stairs_5

Skill      XL: |  1  2  3  4  5  6  7  8  9 10 11 |
---------------+----------------------------------+-----
Fighting       | 4 5 6 7 8 |  8.3
Axes           | 3 4 5 |  5.2
Armour         | 4 5 6 |  6.2
Dodging        | 1 2 3 4 5 |  5.8
Shields        | 5 6 7 8 9 |  9.2
Stealth        | 1 2 3 5 |  5.5
Maces & Flails | 2 4 6 8 9 |  9.5
Unarmed Combat | |  0.7

Action                     |  1- 3 |  4- 6 |  7- 9 | 10-12 || total
---------------------------+-------+-------+-------+-------++-------
  Melee: War axe           |    68 |   127 |    72 |       ||   267
         Mace              |       |       |   339 |   374 ||   713
         Unarmed           |       |       |     3 |       ||     3
Ability: Shaft Self        |       |       |       |     2 ||     2
    Use: Potion            |     1 |       |       |    11 ||    12
         Scroll            |       |     8 |     6 |     1 ||    15
   Stab: Distracted        |       |       |     3 |     3 ||     6
         Sleeping          |       |       |     2 |     5 ||     7
 Armour: Scale mail        |    50 |    92 |   104 |       ||   246
         Skin              |       |       |     2 |       ||     2
         Leather armour    |       |       |   165 |   267 ||   432
  Dodge: Dodged            |    34 |    57 |   252 |   287 ||   630
  Block: Buckler           |    22 |    35 |   162 |   201 ||   420

Table legend: (Time is in decaauts)
 A = Elapsed time spent in this place.
 B = Non-inter-level travel time spent in this place.
 C = Inter-level travel time spent in this place.
 D = Time resting spent in this place.
 E = Time spent auto-exploring this place.
 F = Levels seen in this place.
 G = Mean time per level.
                   A        B        C        D        E       F      G
               +--------+--------+--------+--------+--------+-----+--------+
         Total |  12754 |  12441 |    313 |   3236 |   6454 |  12 | 1062.8 |
       Dungeon |  12176 |  11863 |    313 |   3013 |   6309 |  11 | 1106.9 |
         Sewer |    578 |    578 |      0 |    223 |    145 |   1 |  578.0 |
               +--------+--------+--------+--------+--------+-----+--------+

Top non-repeatable levels by time:
     D:3: 2002 daAuts
     D:8: 1694 daAuts
     D:2: 1457 daAuts
     D:4: 1442 daAuts
    D:10: 1382 daAuts
     D:6: 1148 daAuts
     D:7: 1137 daAuts
     D:1: 741 daAuts
     D:5: 601 daAuts
   Sewer: 578 daAuts
    D:11: 352 daAuts
     D:9: 215 daAuts
